 Dungeon Crawl Stone Soup version 0.21.1-1-g345015fe64 (webtiles) character file.

3019 tokuosma the Blocker (level 9, 0/74 HPs)
             Began as a Gnoll Fighter on Mar 4, 2018.
             Was a Follower of Trog.
             Slain by Menkaure (14 damage)
             ... on level 7 of the Dungeon on Mar 5, 2018.
             The game lasted 00:48:56 (7795 turns).

tokuosma the Blocker (Gnoll Fighter)                Turns: 7795, Time: 00:48:57

Health: 0/74       AC: 16    Str: 21    XL:     9   Next: 85%
Magic:  15/15      EV:  7    Int: 12    God:    Trog [*.....]
Gold:   293        SH: 11    Dex: 14    Spells: 17/17 levels left

rFire    . . .     SeeInvis .   a - +0 flail
rCold    + . .     Gourm    .   x - +0 shield
rNeg     . . .     Faith    .   g - +0 plate armour
rPois    +         Spirit   .   m - +0 helmet
rElec    .         Reflect  .   t - +0 cloak {rPois}
rCorr    .         Harm     .   (no gloves)
MR       .....                  (no boots)
Stlth    ..........             n - amulet of rage
HPRegen  0.22/turn              F - ring of ice
MPRegen  0.14/turn              v - ring of protection from fire

@: no status effects
A: distributed training, fangs 1, strong nose
a: Berserk, Burn Spellbooks, Renounce Religion, Evoke Berserk Rage


You were on level 7 of the Dungeon.
You worshipped Trog.
Trog was aware of your devotion.
You were not hungry.

You visited 2 branches of the dungeon, and saw 8 of its levels.

You collected 293 gold pieces.

Inventory:

Hand Weapons
 a - a +0 flail (weapon)
 w - a +2 rapier of venom
 y - a +2 quarterstaff of chaos
 E - a +0 whip of electrocution
Missiles
 C - 3 needles of paralysis
Armour
 c - a +0 shield
 g - a +0 plate armour (worn)
 m - a +0 helmet (worn)
 t - a +0 cloak of poison resistance (worn)
 x - a +0 shield (worn)
Magical Staves
 B - an uncursed staff of wizardry
Jewellery
 b - a cursed ring of loudness
 n - an amulet of rage (around neck)
 v - a ring of protection from fire (right hand)
 F - a ring of ice (left hand)
 H - an uncursed ring of stealth
Wands
 h - a wand of digging (11)
 z - a wand of polymorph (13)
 D - a wand of acid (5)
Scrolls
 i - 3 scrolls of fear
 k - 4 scrolls of magic mapping
 o - 6 scrolls of teleportation
 p - a scroll of amnesia
 r - 2 scrolls of immolation
 s - 2 scrolls of remove curse
 A - a scroll of silence {unknown}
 G - a scroll of random uselessness {unknown}
Potions
 e - 3 potions of magic
 j - 2 potions of degeneration
 q - a potion of flight
 u - a potion of mutation {unknown}
Comestibles
 d - 2 chunks of flesh
 f - 9 rations


   Skills:
 + Level 8.0 Fighting
 + Level 4.5 Short Blades
 + Level 4.5 Long Blades
 + Level 4.5 Axes
 + Level 6.5 Maces & Flails
 + Level 4.5 Polearms
 + Level 4.5 Staves
 + Level 4.5 Slings
 + Level 4.5 Bows
 + Level 4.5 Crossbows
 + Level 4.5 Throwing
 + Level 8.0 Armour
 + Level 4.5 Dodging
 + Level 4.5 Stealth
 + Level 8.0 Shields
 + Level 4.5 Unarmed Combat
 + Level 4.5 Spellcasting
 + Level 3.7 Conjurations
 + Level 3.7 Hexes
 + Level 3.7 Charms
 + Level 3.7 Summonings
 + Level 3.7 Necromancy
 + Level 3.7 Translocations
 + Level 3.7 Transmutations
 + Level 3.7 Fire Magic
 + Level 3.7 Ice Magic
 + Level 3.7 Air Magic
 + Level 3.7 Earth Magic
 + Level 3.7 Poison Magic
 + Level 5.0 Invocations
 + Level 4.5 Evocations


You had 17 spell levels left.
You didn't know any spells.

Dungeon Overview and Level Annotations

Branches:
Dungeon (7/15)             Temple (1/1) D:5

Altars:
Ashenzari
Gozag
Hepliaklqana
Kikubaaqudgha
Nemelex Xobeh
Okawaru
Ru
Sif Muna
Trog

Shops:
D:4 %

Annotations:
D:7 Menkaure


Innate Abilities, Weirdness & Mutations

Your experience applies equally to all skills.
You have very sharp teeth.
Your uncanny sense of smell can sniff out nearby items.


Message History

You thump Menkaure!
Menkaure is heavily damaged.
Menkaure points at you and mumbles some strange words.
Pain shoots through your body!
You hit Menkaure but do no damage. You bite Menkaure, but do no damage.
Menkaure is heavily damaged.
Menkaure gestures at you while chanting.
Pain shoots through your body!
You hit Menkaure but do no damage.
Menkaure is heavily damaged.
You block Menkaure's attack. x2
You completely miss Menkaure.
Menkaure is heavily damaged.
Menkaure hits you!
* * * LOW HITPOINT WARNING * * *
You hit Menkaure. You bite Menkaure.
Menkaure is heavily damaged.
Menkaure murmurs a few words.
Menkaure hits you!
You die...

#..........#
#.########.# #.#
#.# #.# #.# ###
#.# #.# #<# #.#
#.# #.#
#######.##### #.#
#.# .......>....#
#M# #.#
###.##......# #@#
#.# #.##......#
#.# #.#
#.##......# #.#
#.# #.##......#
#.############.##
#.##......#
#...............#
#.##......#
#################
#.##......#
########


You could see Menkaure.

Vanquished Creatures
  Pikel (D:6)
  Sigmund (D:4)
  Duvessa (D:7)
  An ice beast (D:6)
  An orc warrior (D:5)
  4 sky beasts
  A phantom (D:5)
  4 centaurs
  3 bullfrogs
  2 scorpions
  Dowan (D:7)
  2 howler monkeys (D:4)
  A centaur zombie (D:5)
  A crimson imp (D:6)
  3 hounds (D:5)
  A bullfrog zombie (D:6)
  2 centaur skeletons (D:5)
  An orc wizard (D:5)
  Crazy Yiuf (D:5)
  3 orc priests (D:3)
  A jelly (D:2)
  2 iguanas
  A bullfrog skeleton (D:7)
  5 worker ants
  A hound skeleton (D:4)
  2 worker ant zombies (D:5)
  10 adders
  4 gnolls
  A shadow imp (D:5)
  3 oozes
  An adder skeleton (D:4)
  2 worms
  3 dart slugs
  6 leopard geckos
  11 orcs
  6 bats
  6 giant cockroaches
  8 goblins
  9 hobgoblins
  11 jackals
  3 kobolds
  A quokka (D:3)
  6 frilled lizards
  A jackal zombie (D:5)
  A leopard gecko zombie (D:7)
  2 quokka skeletons
  7 rats
  4 fungi (D:5)
153 creatures vanquished.

Vanquished Creatures (others)
  A plant (D:7)
1 creature vanquished.

Grand Total: 154 creatures vanquished

Notes
Turn   | Place    | Note
-------+----------+-------------------------------------------
     0 | D:1      | tokuosma the Gnoll Fighter began the quest for the Orb.
     0 | D:1      | Reached XP level 1. HP: 23/23 MP: 1/1
   627 | D:1      | Reached XP level 2. HP: 23/29 MP: 2/2
  1007 | D:1      | Reached XP level 3. HP: 17/35 MP: 3/3
  1200 | D:2      | Reached skill level 1 in Invocations
  1318 | D:2      | Reached skill level 1 in Short Blades
  1318 | D:2      | Reached skill level 1 in Long Blades
  1318 | D:2      | Reached skill level 1 in Axes
  1318 | D:2      | Reached skill level 1 in Polearms
  1318 | D:2      | Reached skill level 1 in Staves
  1318 | D:2      | Reached skill level 1 in Slings
  1318 | D:2      | Reached skill level 1 in Bows
  1318 | D:2      | Reached skill level 1 in Crossbows
  1318 | D:2      | Reached skill level 1 in Throwing
  1318 | D:2      | Reached skill level 1 in Dodging
  1318 | D:2      | Reached skill level 1 in Stealth
  1318 | D:2      | Reached skill level 1 in Unarmed Combat
  1318 | D:2      | Reached skill level 1 in Spellcasting
  1318 | D:2      | Reached skill level 1 in Evocations
  1321 | D:2      | Reached XP level 4. HP: 34/41 MP: 5/5
  1528 | D:2      | Reached skill level 1 in Conjurations
  1528 | D:2      | Reached skill level 1 in Hexes
  1528 | D:2      | Reached skill level 1 in Charms
  1528 | D:2      | Reached skill level 1 in Summonings
  1528 | D:2      | Reached skill level 1 in Necromancy
  1528 | D:2      | Reached skill level 1 in Translocations
  1528 | D:2      | Reached skill level 1 in Transmutations
  1528 | D:2      | Reached skill level 1 in Fire Magic
  1528 | D:2      | Reached skill level 1 in Ice Magic
  1528 | D:2      | Reached skill level 1 in Air Magic
  1528 | D:2      | Reached skill level 1 in Earth Magic
  1528 | D:2      | Reached skill level 1 in Poison Magic
  1593 | D:2      | Reached XP level 5. HP: 43/47 MP: 6/6
  2287 | D:3      | Reached XP level 6. HP: 18/53 MP: 8/8
  2702 | D:3      | Reached skill level 5 in Maces & Flails
  3421 | D:4      | Reached XP level 7. HP: 56/59 MP: 10/10
  3467 | D:4      | Noticed Sigmund
  3471 | D:4      | Killed Sigmund
  3587 | D:4      | Found Zekit's Food Shop.
  3978 | D:5      | Entered Level 5 of the Dungeon
  4004 | D:5      | Found a staircase to the Ecumenical Temple.
  4178 | Temple   | Entered the Ecumenical Temple
  4210 | Temple   | Became a worshipper of Trog the Wrathful
  4311 | D:5      | Reached XP level 8. HP: 46/67 MP: 12/12
  5500 | D:5      | Found a runed door.
  5504 | D:5      | Noticed Crazy Yiuf
  5507 | D:5      | Killed Crazy Yiuf
  5507 | D:5      | Reached XP level 9. HP: 72/72 MP: 14/14
  5621 | D:5      | Reached * piety under Trog
  5787 | D:5      | Found a sparkling altar of Nemelex Xobeh.
  6462 | D:6      | Found a hazy altar of Hepliaklqana.
  6537 | D:6      | Found a sand-covered staircase.
  6795 | D:6      | Noticed Pikel
  6814 | D:6      | Killed Pikel
  7453 | D:7      | Noticed Dowan
  7455 | D:7      | Noticed Duvessa
  7462 | D:7      | Killed Dowan
  7489 | D:7      | Killed Duvessa
  7489 | D:7      | Reached skill level 5 in Invocations
  7594 | D:7      | Found a sacrificial altar of Ru.
  7784 | D:7      | Noticed Menkaure
  7795 | D:7      | Slain by Menkaure

Skill      XL: |  1  2  3  4  5  6  7  8  9 |
---------------+----------------------------+-----
Invocations    | 1 2 3 4 5 |  5.0
Short Blades   | 1 2 3 4 |  4.5
Long Blades    | 1 2 3 4 |  4.5
Axes           | 1 2 3 4 |  4.5
Polearms       | 1 2 3 4 |  4.5
Staves         | 1 2 3 4 |  4.5
Slings         | 1 2 3 4 |  4.5
Bows           | 1 2 3 4 |  4.5
Crossbows      | 1 2 3 4 |  4.5
Throwing       | 1 2 3 4 |  4.5
Dodging        | 1 2 3 4 |  4.5
Stealth        | 1 2 3 4 |  4.5
Unarmed Combat | 1 2 3 4 |  4.5
Spellcasting   | 1 2 3 4 |  4.5
Evocations     | 1 2 3 4 |  4.5
Conjurations   | 1 2 3 |  3.7
Hexes          | 1 2 3 |  3.7
Charms         | 1 2 3 |  3.7
Summonings     | 1 2 3 |  3.7
Necromancy     | 1 2 3 |  3.7
Translocations | 1 2 3 |  3.7
Transmutations | 1 2 3 |  3.7
Fire Magic     | 1 2 3 |  3.7
Ice Magic      | 1 2 3 |  3.7
Air Magic      | 1 2 3 |  3.7
Earth Magic    | 1 2 3 |  3.7
Poison Magic   | 1 2 3 |  3.7
Maces & Flails | 5 6 |  6.5
Fighting       | 7 8 |  8.0
Armour         | 7 8 |  8.0
Shields        | 7 8 |  8.0

Action                   |  1- 3 |  4- 6 |  7- 9 || total
-------------------------+-------+-------+-------++-------
Melee: Flail             |    93 |   162 |   496 ||   751
       Bite              |     6 |    11 |    62 ||    79
       Unarmed           |       |       |     2 ||     2
 Abil: Evoke Berserk Rag |       |       |     1 ||     1
Evoke: Wand              |       |       |    22 ||    22
  Use: Potion            |     3 |     1 |     4 ||     8
       Scroll            |       |     2 |    13 ||    15
  Eat: Chunk             |     1 |     7 |     2 ||    10
       Ration            |       |       |     5 ||     5
Armor: Scale mail        |    32 |     1 |       ||    33
       Plate armour      |       |    78 |   287 ||   365
       Skin              |       |       |    11 ||    11
Dodge: Dodged            |    33 |    34 |   136 ||   203
Block: Shield            |    64 |   108 |   302 ||   474
